Map: [ESL] Alcyone

Players

YoungYakov - Winner!

  • Race: Zerg Zerg
  • League: Grandmaster
  • Spawn Location: 1:00

trigger

  • Race: Protoss Protoss
  • League: Grandmaster
  • Spawn Location: 7:00

Event: IEM Katowice 2024

VOD

Have the link to the VOD?

Description

Time

  • Played on: Dec. 7, 2023, 2:04 p.m.
  • Length: 12:46

All games in this series

Show
View Real Time Build Order
Export as new Build Order

YoungYakov Zerg - Winner!

Build Orders: Pool First 

Get SALT Encoding   

  12  0:00  Drone  
  13  0:12  Overlord  
  13  0:17  Drone  
  14  0:30  Drone x2  
  16  0:38  Drone  
  17  0:49  Extractor  
  16  0:50  Spawning Pool  
  16  0:53  Drone  
  16  1:07  Drone  
  17  1:18  Hatchery  
  16  1:24  Drone  
  17  1:37  Zergling x4  
  19  1:40  Zergling x2  
  19  1:46  Queen  
  22  1:53  Metabolic Boost  
  22  2:00  Overlord  
  22  2:18  Drone x2  
  22  2:22  Queen  
  26  2:26  Drone  
  27  2:37  Queen  
  27  2:41  Drone x2  
  31  2:50  Drone x2  
  33  2:56  Overlord  
  33  3:05  Hatchery  
  32  3:07  Drone  
  32  3:09  Drone  
  32  3:12  Drone  
  35  3:17  Queen  
  37  3:21  Zergling x4  
  37  3:25  Drone  
  37  3:26  Drone  
  41  3:29  Overlord  
  41  3:32  Drone  
  41  3:34  Drone  
  43  3:37  Spore Crawler  
  43  3:38  Drone  
  43  3:43  Zergling x2  
  43  3:52  Drone x3  
  46  3:56  Queen, Overlord  
  46  4:00  Spore Crawler  
  46  4:06  Drone  
  46  4:07  Drone x4  
  47  4:17  Queen  
  47  4:18  Drone x3  
  47  4:21  Zergling x6  
  54  4:29  Spore Crawler  
  53  4:32  Drone x3  
  53  4:36  Zergling x2  
  56  4:42  Zergling x6  
  61  4:47  Queen  
  61  4:50  Drone x2, Overlord  
  63  4:55  Zergling x4  
  63  4:57  Overlord x3  
  63  4:59  Extractor  
  64  5:08  Queen x2, Overlord  
  64  5:12  Drone x3  
  71  5:15  Zergling x8  
  75  5:23  Zergling x8  
  75  5:24  Zergling x2  
  75  5:26  Baneling Nest  
  79  5:29  Queen  
  79  5:32  Drone x3  
  84  5:37  Hatchery  
  83  5:43  Zergling x12  
  83  5:47  Zergling x6  
  92  5:52  Queen  
  92  5:54  Zergling x6  
  97  5:58  Zergling x6  
  100  6:05  Zergling x2  
  100  6:06  Zergling x2  
  100  6:09  Overlord  
  102  6:12  Baneling  
  102  6:13  Baneling x7  
  102  6:15  Overlord x3  
  101  6:29  Baneling x3  
  101  6:30  Zergling x8  
  100  6:43  Zergling x10  
  100  6:44  Zergling x10  
  103  6:48  Zergling x4, Queen x3  
  103  6:51  Zergling x2  
  109  6:55  Zergling x2  
  109  6:58  Zergling x4, Queen  
  113  7:06  Overlord  
  113  7:07  Zergling x6  
  107  7:16  Zergling x4  
  107  7:22  Baneling x9  
  107  7:23  Zergling x6, Queen  
  107  7:33  Drone x7  
  107  7:34  Drone x3  
  107  7:36  Lair  
  117  7:49  Zergling x10  
  107  8:00  Hatchery  
  96  8:06  Zergling x22  
  96  8:07  Zergling x6  
  104  8:13  Zergling x2  
  104  8:14  Zergling x2  
  104  8:18  Zergling x2, Baneling x6  
  104  8:19  Zergling x2, Queen x3  
  108  8:27  Zergling x4  
  107  8:34  Zergling x12  
  106  8:43  Zergling x8  
  106  8:44  Queen  
  106  8:48  Roach Warren  
  103  8:50  Zergling x4  
  103  8:54  Drone, Queen  
  103  8:55  Drone x9  
  116  8:59  Extractor x2  
  111  9:03  Zergling x6  
  106  9:12  Zergling x4  
  101  9:18  Zergling x2  
  101  9:19  Zergling x12, Queen x2  
  105  9:26  Zergling x4  
  105  9:29  Baneling x2  
  105  9:30  Zergling x4, Baneling x2  
  101  9:34  Glial Reconstitution  
  101  9:36  Roach  
  101  9:38  Baneling x9  
  99  9:39  Zergling x4  
  99  9:49  Roach x8  
  99  9:50  Zergling x2  
  116  9:54  Extractor  
  113  10:01  Roach x4  
  113  10:06  Drone  
  113  10:07  Drone x4  
  123  10:08  Drone x3  
  123  10:13  Spore Crawler  
  126  10:14  Zergling x8, Extractor  
  126  10:16  Extractor, Centrifugal Hooks  
  126  10:17  Queen  
  129  10:22  Roach x4  
  129  10:23  Baneling  
  129  10:25  Zergling x2  
  129  10:27  Zergling x4  
  129  10:28  Overlord x2  
  140  10:30  Overlord  
  134  10:39  Roach x4  
  134  10:40  Roach  
  133  10:50  Roach x4  
  133  10:55  Roach x3, Queen  
  145  10:59  Roach x6  
  145  11:00  Zergling x2  
  145  11:04  Baneling x3  
  156  11:05  Zergling x2  
  156  11:15  Zergling x12  
  156  11:17  Roach  
  156  11:18  Ravager  
  156  11:19  Ravager  
  152  11:29  Roach x7  
  152  11:30  Zergling x2  
  152  11:31  Zergling x6  
  162  11:36  Zergling x2  
  162  11:37  Zergling x2  
  158  11:42  Zergling x4  
  153  11:48  Roach x2  
  153  11:52  Ravager x2  
  153  11:53  Ravager  
  158  11:55  Zergling x12  
  158  11:56  Baneling  
  158  11:57  Baneling x13  
  158  11:58  Queen  
  166  12:02  Zergling x2  
  167  12:09  Overlord x4  
  158  12:27  Zergling x20  
Show
View Real Time Build Order
Export as new Build Order

trigger Protoss 

Build Orders: 1 Gate Expand, Oracle Opening, Zealot Archon 

Get SALT Encoding   

  12  0:00  Probe  
  13  0:12  Probe  
  14  0:18  Pylon  
  14  0:24  Probe (Chrono Boost)  
  15  0:38  Gateway, Probe (Chrono Boost)  
  16  0:44  Probe (Chrono Boost)  
  16  0:48  Assimilator  
  17  0:52  Probe  
  18  1:04  Probe  
  19  1:16  Probe  
  20  1:25  Nexus  
  20  1:34  Cybernetics Core  
  20  1:38  Probe  
  21  1:42  Assimilator  
  21  1:50  Probe  
  21  1:53  Pylon  
  22  2:02  Probe  
  23  2:09  Adept (Chrono Boost)  
  23  2:14  Shield Battery  
  25  2:16  Probe  
  26  2:25  Pylon  
  26  2:29  Stargate  
  26  2:32  Adept (Chrono Boost)  
  28  2:39  Probe x2  
  28  2:43  Warp Gate  
  30  2:51  Probe x2  
  32  2:57  Adept  
  34  3:03  Probe x2  
  35  3:12  Oracle (Chrono Boost)  
  35  3:13  Pylon  
  35  3:15  Probe  
  35  3:17  Probe  
  40  3:27  Probe  
  40  3:29  Probe  
  42  3:39  Probe  
  42  3:41  Oracle (Chrono Boost), Probe  
  47  3:52  Nexus  
  47  3:53  Probe  
  47  3:54  Probe  
  49  4:05  Probe  
  49  4:08  Probe  
  51  4:10  Oracle  
  51  4:12  Pylon  
  51  4:16  Pylon  
  52  4:17  Probe  
  52  4:18  Assimilator  
  52  4:21  Probe  
  54  4:26  Assimilator  
  54  4:30  Adept, Probe  
  57  4:32  Shield Battery  
  57  4:33  Probe  
  57  4:38  Twilight Council  
  58  4:42  Probe  
  59  4:48  Gateway  
  59  4:55  Forge  
  59  4:57  Sentry  
  59  4:58  Gateway  
  61  5:03  Probe (Chrono Boost)  
  64  5:08  Probe x2 (Chrono Boost)  
  64  5:12  Pylon  
  64  5:13  Shield Battery  
  64  5:16  Probe (Chrono Boost)  
  64  5:17  Charge  
  64  5:20  Sentry  
  67  5:26  Shield Battery  
  67  5:28  Pylon  
  67  5:30  Photon Cannon  
  67  5:31  Photon Cannon  
  67  5:34  Photon Cannon  
  67  5:41  Templar Archives  
  67  5:42  Adept  
  69  5:46  Stalker  
  69  5:49  Probe (Chrono Boost)  
  72  5:52  Probe x2 (Chrono Boost)  
  74  5:58  Protoss Ground Weapons Level 1  
  76  6:04  Probe (Chrono Boost)  
  76  6:05  Photon Cannon  
  76  6:06  Probe x2 (Chrono Boost)  
  76  6:09  Probe (Chrono Boost)  
  78  6:12  Probe  
  78  6:13  Gateway, Probe  
  78  6:14  Gateway  
  80  6:19  Probe  
  80  6:20  High Templar  
  80  6:21  High Templar, Zealot  
  80  6:25  Probe  
  88  6:26  Archon  
  88  6:30  Pylon  
  88  6:31  Probe  
  88  6:32  Probe  
  90  6:33  Pylon  
  90  6:37  Probe  
  91  6:43  Zealot  
  91  6:46  Probe  
  90  6:53  Zealot  
  84  6:56  Probe  
  84  6:59  Probe  
  80  7:06  Zealot  
  72  7:15  Zealot x2  
  68  7:17  Zealot  
  68  7:20  Probe  
  69  7:23  Pylon  
  69  7:25  Pylon  
  69  7:30  Photon Cannon  
  69  7:31  Zealot, Photon Cannon  
  69  7:36  High Templar  
  69  7:37  High Templar  
  75  7:42  Assimilator, Archon  
  75  7:43  Assimilator  
  75  7:45  Zealot  
  75  7:47  Gateway  
  77  7:52  Zealot  
  76  8:04  Cybernetics Core  
  76  8:05  Zealot x2, Pylon  
  72  8:09  Pylon  
  72  8:15  Zealot  
  74  8:21  Pylon  
  74  8:27  Zealot  
  76  8:35  Zealot x3  
  77  8:46  Zealot  
  71  8:50  Nexus  
  71  8:51  Zealot, Shield Battery  
  73  8:58  Zealot x2  
  73  9:00  Zealot  
  77  9:04  Zealot  
  73  9:12  Probe  
  73  9:16  Zealot x2  
  76  9:19  Zealot  
  76  9:23  Probe  
  75  9:25  Probe  
  75  9:29  Phoenix  
  76  9:31  Templar Archives  
  76  9:34  Zealot  
  76  9:37  Zealot  
  80  9:40  Zealot  
  82  9:46  Zealot  
  82  9:49  Zealot  
  86  9:56  Zealot  
  86  9:58  Zealot  
  90  10:03  Robotics Facility  
  90  10:06  Probe  
  90  10:07  Probe  
  92  10:13  High Templar x2  
  96  10:18  Gateway, Archon  
  96  10:20  High Templar  
  96  10:21  High Templar, Gateway  
  100  10:25  Archon  
  100  10:26  Photon Cannon  
  100  10:30  Probe  
  100  10:31  Probe  
  100  10:32  Probe  
  91  10:36  Assimilator  
  91  10:38  Zealot  
  91  10:42  Probe  
  88  10:43  Probe  
  88  10:44  Probe  
  88  10:46  Zealot x2  
  94  10:52  Observer (Chrono Boost)  
  94  10:54  Pylon, Probe  
  92  11:00  Sentry x3  
  92  11:05  Probe x2  
  92  11:07  Stalker x2  
  98  11:18  Sentry x2, Immortal (Chrono Boost)  
  96  11:30  Stalker x4  
  84  11:33  High Templar  
  78  11:42  Zealot x2  
  78  11:48  Immortal (Chrono Boost)  
  82  11:54  Zealot x4  
  90  12:06  High Templar x2  
  90  12:07  Zealot  
  96  12:10  Archon  
  96  12:15  Zealot x2  
  96  12:16  Zealot x2  
  82  12:29  Zealot  
  69  12:36  Zealot x4  
  60  12:41  Zealot x2  

Tags
 
Add a new tag
Caveats
  • Supply blocks, unpowered buildings, or Contaminate may cause inaccurate times.
  • Supply counts are checked every 10 seconds.